 Dungeon Crawl Stone Soup version 0.20-a0-556-g892c87b (webtiles) character file.

32 drasked the Firebug (level 3, 0/19 HPs)
             Began as a Deep Elf Fire Elementalist on Feb 5, 2017.
             Slain by Ijyb
             ... wielding a +0 club
              (1 damage)
             ... on level 2 of the Dungeon.
             The game lasted 00:02:34 (712 turns).

drasked the Firebug (Deep Elf Fire Elementalist)     Turns: 712, Time: 00:02:34

Health: 0/19       AC:  2    Str:  5    XL:     3   Next: 8%
Magic:  9/10       EV: 13    Int: 20    God:
Gold:   50         SH:  0    Dex: 15    Spells: 3/9 levels left

rFire    . . .     SeeInvis .   (no weapon)
rCold    . . .     Gourm    .   a - +0 robe
rNeg     . . .     Faith    .   (no shield)
rPois    .         Spirit   .   (no helmet)
rElec    .         Reflect  .   (no cloak)
rCorr    .         Harm     .   (no gloves)
MR       .....                  (no boots)
Stlth    +.........             (no amulet)
Regen    0.1/turn               (no ring)
                                (no ring)

@: confused
A: no striking features
a: no special abilities


You were on level 2 of the Dungeon.
You were not hungry.

You visited 1 branch of the dungeon, and saw 2 of its levels.

You collected 50 gold pieces.

Inventory:

Hand Weapons
 n - a +1 hand axe of chopping
   (You found it on level 1 of the Dungeon)
Armour
 a - a +0 robe (worn)
 h - a +0 helmet
   (You found it on level 1 of the Dungeon)
Scrolls
 e - a scroll of identify {unknown}
 i - a scroll of fog {unknown}
 j - a scroll of fear {unknown}
 l - a scroll of noise {unknown}
 m - a scroll of blinking {unknown}
Potions
 d - a potion of might {unknown}
 k - a potion of haste {unknown}
Books
 b - a book of Flames
Comestibles
 c - a bread ration {@e1}
 f - a fruit
 g - a meat ration {@e2}


   Skills:
 - Level 2.4 Dodging
 - Level 2.4 Stealth
 + Level 3.6 Spellcasting
 + Level 1.9 Conjurations
 + Level 4.0 Fire Magic


You had 3 spell levels left.
You knew the following spells:

 Your Spells              Type           Power        Failure   Level  Hunger
a - Flame Tongue          Conj/Fire      ###..        4%          1    None
c - Conjure Flame         Conj/Fire      ###.....     14%         3    ###....
x - Throw Flame           Conj/Fire      ###...       10%         2    ##.....


Dungeon Overview and Level Annotations

Branches:
Dungeon (2/15)

Altars:

Annotations:
D:2 Ijyb


Message History

The rat closely misses you.
Aim: a rat The flame tongue hits the rat.
You kill the rat!
Your Fire Magic skill increases to level 4!
You now have 9/10 mp.
You see here a rat corpse.
Things that are here:
a club; a frilled lizard skeleton
m - a scroll labeled OTIUCL NIZXI MP restored: 10
n - a glowing hand axe You see here a club.
A hobgoblin comes into view. It is wielding a club.
The hobgoblin moves out of view.
You open the door.
There is an open door here.
You open the door.
There is an open door here.
There is an open door here.
You open the door.
There is an open door here.
There is an open door here.
You open the door.
There is an open door here.
Done exploring.
Done exploring.
Done exploring.
There is an open door here.
There is an open door here.
There is a stone staircase leading down here.
You climb downwards.
Ijyb the Twisted Goblin comes into view.
She is wielding a club.
There is a stone staircase leading up here.
Aim: Ijyb, wielding a club and wearing a ring mail (resting)
The flame tongue hits Ijyb.
Ijyb shouts!
Ijyb misses you.
You now have 9/10 mp.
Aim: Ijyb, wielding a club and wearing a ring mail (lightly wounded)
The flame tongue hits Ijyb.
You now have 8/10 mp.
Aim: Ijyb, wielding a club and wearing a ring mail (lightly wounded)
The flame tongue misses Ijyb.
Ijyb hits you with a club.
You take 3 damage, and have 16/19 hp.
You now have 7/10 mp.
Aim: Ijyb, wielding a club and wearing a ring mail (lightly wounded)
The flame tongue hits Ijyb.
Ijyb zaps a wand.
You are confused.
It is a wand of confusion (?/48).
You now have 6/10 mp.
You're too confused to cast spells.
You're too confused to cast spells.
Ijyb hits you with a club.
You take 3 damage, and have 14/19 hp.
Ijyb hits you with a club.
You take 3 damage, and have 11/19 hp.
Ijyb barely misses you.
Ijyb zaps a wand.
You are more confused.
Ijyb closely misses you.
You climb upwards.
There is a stone staircase leading down here.
You're too confused to cast spells.
Ijyb hits you with a club.
You take 3 damage, and have 8/19 hp.
Ijyb hits you but does no damage.
Ijyb zaps a wand.
You are more confused.
Ijyb closely misses you.
Ijyb zaps a wand.
You resist with some effort.
Ijyb zaps a wand.
You resist with some effort.
In your confused state, you trip and fall down the stairs.
You climb downwards.
There is a stone staircase leading up, spattered with blood here.
You take 1 damage, and have 7/19 hp.
You feel less confused.
Ijyb zaps a wand.
You are confused.
In your confused state, you trip and fall back down the stairs.
Ijyb hits you with a club.
* * * LOW HITPOINT WARNING * * *
You take 6 damage, and have 1/19 hp.
MASSIVE DAMAGE!!
Ijyb hits you but does no damage.
You climb upwards.
There is a stone staircase leading down here.
You climb downwards.
You feel less confused.
There is a stone staircase leading up, spattered with blood here.
Ijyb zaps a wand.
You are confused.
In your confused state, you trip and fall back down the stairs.
* * * LOW HITPOINT WARNING * * *
Ijyb barely misses you.
You take 1 damage, and have 1/19 hp.
Ijyb hits you with a club.
You die...

. ...
.....#####
.......@.#
....####g...#
. ###.# #


You could see Ijyb.

Vanquished Creatures
  A dart slug (D:1)
  2 leopard geckos (D:1)
  A bat (D:1)
  3 giant cockroaches (D:1)
  4 hobgoblins (D:1)
  2 jackals (D:1)
  3 frilled lizards (D:1)
  3 goblins (D:1)
  2 kobolds (D:1)
  6 rats (D:1)
27 creatures vanquished.

Notes
Turn   | Place    | Note
-------+----------+-------------------------------------------
     0 | D:1      | drasked the Deep Elf Fire Elementalist began the quest for the Orb.
     0 | D:1      | Reached XP level 1. HP: 10/10 MP: 6/6
   144 | D:1      | Reached XP level 2. HP: 15/15 MP: 5/8
   151 | D:1      | Learned a level 2 spell: Throw Flame
   485 | D:1      | Reached XP level 3. HP: 19/19 MP: 7/10
   490 | D:1      | Learned a level 3 spell: Conjure Flame
   558 | D:1      | Reached skill level 4 in Fire Magic
   686 | D:2      | Noticed Ijyb
   705 | D:2      | HP: 1/19 [Ijyb/club (5)]
   711 | D:2      | HP: 1/19 [fell downstairs (1)]
   712 | D:2      | Slain by Ijyb

Vault maps used:
D:1:      dpeg_arrival_connections, minmay_misc_feat_alley
D:2:      grunt_temple_overflow_open, uniq_robin, uniq_iyjb

Skill      XL: |  1  2  3 |
---------------+----------+-----
Fire Magic     | 4 |  4.0
Dodging        | |  2.4
Stealth        | |  2.4
Spellcasting   | |  3.6
Conjurations   | |  1.9

Action                   || total
-------------------------++-------
Melee: Unarmed           ||     1
 Cast: Flame Tongue      ||    42
Armor: Robe              ||     1
Dodge: Dodged            ||    11

Vault maps used:
D:1:      dpeg_arrival_connections, minmay_misc_feat_alley
D:2:      grunt_temple_overflow_open, uniq_robin, uniq_iyjb

Table legend:
 A = Turns spent in this place as a percentage of turns spent in the entire game.
 B = Non-inter-level travel turns spent in this place as a percentage of non-inter-level travel turns spent in the entire game.
 C = Inter-level travel turns spent in this place as a percentage of turns spent in this place.
 D = Turns resting spent in this place as a percentage of non-inter-level travel turns spent in this place.
 E = Turns spent auto-exploring this place as a percentage of non-inter-level travel turns spent in this place.
 F = Non-inter-level travel turns spent in this place divided by the number of levels of this place that you've seen.
                   A       B       C       D       E      F
               +-------+-------+-------+-------+-------+----------------------
         Total | 100.0 | 100.0 |   0.4 |   3.3 |  14.8 | 121.5
       Dungeon | 100.0 | 100.0 |   0.4 |   3.3 |  14.8 | 121.5
               +-------+-------+-------+-------+-------+----------------------

Table legend:
 A = Kills in this place as a percentage of kills in entire the game.
 B = Kills by you in this place as a percentage of kills by you in the entire game.
 C = Kills by friends in this place as a percentage of kills by friends in the entire game.
 D = Other kills in this place as a percentage of other kills in the entire game.
 E = Experience gained in this place as a percentage of experience gained in the entire game.
 F = Experience gained in this place divided by the number of levels of this place that you have seen.
                   A       B       C       D       E      F
               +-------+-------+-------+-------+-------+----------------------
         Total | 100.0 | 100.0 |  -nan |  -nan | 100.0 |  23.0
       Dungeon | 100.0 | 100.0 |  -nan |  -nan | 100.0 |  23.0
               +-------+-------+-------+-------+-------+----------------------
